 Dungeon Crawl Stone Soup version 0.29.0-4-gdea44cf6ec (webtiles) character file.

Game seed: 473394030806015195

53 qw the Chopper (level 3, -1/21 HPs)
             Began as a Tengu Warper on Aug 28, 2022.
             Slain by an orc priest
             ... wielding a +0 hand axe
              (3 damage)
             ... on level 3 of the Dungeon.
             The game lasted 00:00:12 (2106 turns).

qw the Chopper (Tengu Warper)                       Turns: 2106, Time: 00:00:12

Health: -1/21      AC: 13    Str: 13    XL:     3   Next: 89%
Magic:  7/7        EV:  6    Int: 13    God:
Gold:   109        SH:  0    Dex: 13    Spells: 6/6 levels left

rFire   . . .      SeeInvis .   Y - +5 hand axe (elec)
rCold   . . .      Faith    .   (no shield)
rNeg    . . .      Spirit   .   k - +0 chain mail
rPois   .          Reflect  .   (helmet restricted)
rElec   .          Harm     .   (no cloak)
rCorr   .          Rampage  .   j - +0 pair of gloves
Will    .....                   (boots unavailable)
Stlth   ..........              (no amulet)
HPRegen 0.07/turn               n - +4 ring of protection
MPRegen 0.10/turn               (no ring)

@: about to teleport
A: beak, talons 3
a: no special abilities


You were on level 3 of the Dungeon.
You visited 1 branch of the dungeon, and saw 3 of its levels.

You collected 109 gold pieces.


Innate Abilities, Weirdness & Mutations

You have a beak for a mouth.
You have claws for feet.


   Skills:
 - Level 2.0 Fighting
 + Level 4.5 Axes
 - Level 1.0 Throwing
 - Level 1.1 Armour
 - Level 2.1 Dodging
 - Level 2.0 Spellcasting
 - Level 2.4 Translocations


You had 6 spell levels left.
You didn't know any spells.
Your spell library contained the following spells:

 Spells                   Type           Power      Damage    Failure   Level
 Blink                    Tloc           14%        N/A       99%         2
 Gell's Gravitas          Tloc           7%         N/A       100%        3
 Lesser Beckoning         Tloc           7%         N/A       100%        3
 Teleport Other           Tloc           7%         N/A       100%        3
 Manifold Assault         Tloc           7%         N/A       100%        5

Inventory:

Hand Weapons
 l - a +0 whip
 Y - a +5 hand axe of electrocution (weapon)
Missiles
 d - 2 boomerangs (quivered)
Armour
 j - a +0 pair of gloves (worn)
 k - a +0 chain mail (worn)
Jewellery
 n - a +4 ring of protection (left hand)
Scrolls
 a - a scroll of noise {unknown}
 i - a scroll of identify
Potions
 b - a potion of flight {unknown}
 c - a potion of curing {unknown}
 f - 2 potions of cancellation
 m - a potion of degeneration {unknown}

Dungeon Overview and Level Annotations

Branches:
Dungeon (3/15)

Altars:


Message History

Ouch! That really hurt!
2066 ||| FLEEEEING.
The orc priest looks encouraged for a moment.
2067 ||| FLEEEEING.
2068 ||| FLEEEEING.
2074 ||| FLEEEEING.
2075 ||| FLEEEEING.
You see here a ball python corpse.
2076 ||| FLEEEEING.
2077 ||| FLEEEEING.
2078 ||| FLEEEEING.
2079 ||| FLEEEEING.
2084 ||| FLEEEEING.
2085 ||| FLEEEEING.
2086 ||| FLEEEEING.
2087 ||| FLEEEEING.
2088 ||| FLEEEEING.
2089 ||| FLEEEEING.
You start resting.
An orc priest is nearby!
The orc priest hits you with a +0 hand axe.
The orc barely misses you.
You barely miss the orc priest. You claw the orc priest.
The orc priest is moderately wounded.
The orc priest hits you but does no damage.
The orc barely misses you.
You hit the orc priest but do no damage.
The orc priest is moderately wounded.
The orc priest barely misses you.
The orc hits you from afar with a +0 trident.
2105 ||| READING scroll of teleportation.
As you read the scroll of teleportation, it crumbles to dust.
You feel strangely unstable.
The orc priest hits you with a +0 hand axe.
The orc hits you but does no damage.
You hit the orc priest.
You claw the orc priest, but do no damage.
The orc priest is moderately wounded.
The orc priest hits you with a +0 hand axe.
You die...

#.# #.# #%# #### ######### ##.###
##... #.......# ##...##.#....
#.#####.# #.....#.#..## #.# #.#
##...##......
#.#####.########.#####..##
#.##....o@..............##
#.##.##o########.#####.###
#.##.##.# ##+## #.# # #.##.##.#
##...## #.### ## #.......#
##.....###.... .# ####.#.##
##.......######
.##########....####.........####.
....oo............'....)....+....
.##########....####.>.......####.


You could see an orc priest and an orc.

Vanquished Creatures
  An adder (D:3)
  2 worms
  2 dart slugs (D:3)
  An orc (D:3)
  3 endoplasms
  A giant cockroach (D:2)
  5 goblins
  4 hobgoblins
  3 quokkas
  3 ball pythons
  A bat (D:3)
  A frilled lizard (D:1)
  3 kobolds
  3 rats
33 creatures vanquished.

Notes
Turn   | Place    | Note
-------+----------+-------------------------------------------
     0 | D:1      | qw the Tengu Warper began the quest for the Orb.
     0 | D:1      | Reached XP level 1. HP: 12/12 MP: 4/4
     0 | D:1      | 0 ||| qw: Version: 0.1-a-89-g26bdef1
     0 | D:1      | 0 ||| qw: Game counter: 2240
     0 | D:1      | 0 ||| qw: Always use a shield: true
     0 | D:1      | 0 ||| qw: God list: Okawaru
     0 | D:1      | 0 ||| qw: Allow faded altars: false
     0 | D:1      | 0 ||| qw: Do Orc after D:15 true
     0 | D:1      | 0 ||| qw: Do second Lair branch before Depths: true
     0 | D:1      | 0 ||| qw: Lair rune preference: random
     0 | D:1      | 0 ||| qw: Plans: Normal
     0 | D:1      | 0 ||| PLANNING D:1-11
   128 | D:1      | Found a faded altar of an unknown god.
   327 | D:1      | Reached XP level 2. HP: 17/17 MP: 6/6
   329 | D:1      | Reached skill level 3 in Axes
   500 | D:1      | 500 ||| Stepping ~*~*~tactically~*~*~ (stealth).
   509 | D:1      | 509 ||| Stepping ~*~*~tactically~*~*~ (stealth).
   510 | D:1      | 510 ||| Stepping ~*~*~tactically~*~*~ (stealth).
   588 | D:1      | 588 ||| Stepping ~*~*~tactically~*~*~ (stealth).
   590 | D:1      | 590 ||| Stepping ~*~*~tactically~*~*~ (stealth).
   649 | D:1      | 649 ||| UPGRADING to +0 pair of gloves.
   654 | D:1      | 654 ||| READING scroll labelled QURASAAWIA.
   655 | D:1      | 655 ||| READING scroll labelled PUNKEIMUQE.
   656 | D:1      | 656 ||| READING scroll labelled MOM JUL SOO.
   661 | D:1      | 661 ||| READING scroll labelled UROIGEYSIB.
   662 | D:1      | 662 ||| READING scroll labelled AKETEL PUREUS.
   662 | D:1      | Identified a scroll of acquirement
   662 | D:1      | 662 ||| ACQUIRING +5 hand axe of electrocution
   662 | D:1      | Acquired a +5 hand axe of electrocution
   664 | D:1      | 664 ||| SWAPPING to +5 hand axe of electrocution.
   665 | D:1      | 665 ||| DROPPING +0 hand axe.
   666 | D:1      | 666 ||| DRINKING 2 black potions.
   667 | D:1      | 667 ||| DRINKING 2 viscous ruby potions.
   715 | D:1      | 715 ||| DROPPING scroll of blinking.
   716 | D:1      | 716 ||| DROPPING potion of lignification.
   917 | D:2      | 917 ||| Stepping ~*~*~tactically~*~*~ (stealth).
   919 | D:2      | 919 ||| Stepping ~*~*~tactically~*~*~ (stealth).
   922 | D:2      | 922 ||| Stepping ~*~*~tactically~*~*~ (stealth).
   933 | D:2      | 933 ||| Stepping ~*~*~tactically~*~*~ (stealth).
  1038 | D:2      | 1038 ||| DROPPING +0 club.
  1240 | D:2      | Reached XP level 3. HP: 21/21 MP: 7/7
  1444 | D:2      | 1444 ||| UPGRADING to +0 chain mail.
  1454 | D:2      | 1454 ||| DROPPING +0 leather armour.
  1455 | D:2      | 1455 ||| UPGRADING to +4 ring of protection.
  1456 | D:2      | 1456 ||| READING scroll labelled XONIUPTIPI.
  1457 | D:2      | 1457 ||| READING scroll labelled BEWUNOB NYUDD.
  1528 | D:3      | Reached skill level 4 in Axes
  2065 | D:3      | HP: 4/21 [orc priest/divine providence (17)]
  2066 | D:3      | 2066 ||| FLEEEEING.
  2067 | D:3      | 2067 ||| FLEEEEING.
  2068 | D:3      | 2068 ||| FLEEEEING.
  2074 | D:3      | 2074 ||| FLEEEEING.
  2075 | D:3      | 2075 ||| FLEEEEING.
  2076 | D:3      | 2076 ||| FLEEEEING.
  2077 | D:3      | 2077 ||| FLEEEEING.
  2078 | D:3      | 2078 ||| FLEEEEING.
  2079 | D:3      | 2079 ||| FLEEEEING.
  2084 | D:3      | 2084 ||| FLEEEEING.
  2085 | D:3      | 2085 ||| FLEEEEING.
  2086 | D:3      | 2086 ||| FLEEEEING.
  2087 | D:3      | 2087 ||| FLEEEEING.
  2088 | D:3      | 2088 ||| FLEEEEING.
  2089 | D:3      | 2089 ||| FLEEEEING.
  2104 | D:3      | HP: 4/21 [orc/+0 trident (2)]
  2105 | D:3      | 2105 ||| READING scroll of teleportation.
  2106 | D:3      | Slain by an orc priest

Levels and vault maps discovered:
D:1:      onia_arrival_pyramid, layout_loops_cross,
          ebering_ecumenical_altar_mist
D:2:      layout_loops_ring
D:3:      layout_loops_corners, uniq_jessica

Skill      XL: |  1  2  3 |
---------------+----------+-----
Axes           | 3 4 |  4.5
Fighting       | |  2.0
Throwing       | |  1.0
Armour         | |  1.1
Dodging        | |  2.1
Spellcasting   | |  2.0
Translocations | |  2.4

Action                   || total
-------------------------++-------
Melee: Hand axe          ||    47
       Kick              ||    12
       Peck              ||     3
Throw: Boomerang         ||    34
  Use: Scroll            ||     8
       Potion            ||     2
Armor: Leather armour    ||     3
       Chain mail        ||     9
Dodge: Dodged            ||    10

Table legend:
 A = Non-vault XP
 B = Vault XP
 C = Vault XP percentage of total XP
 D = Non-vault monster count
 E = Vault monster count
 F = Vault count percentage of total count
                 A         B        C        D         E       F
            +---------+---------+-------+---------+---------+-------
      Total |      77 |       0 |   0.0 |      33 |       0 |   0.0
            +---------+---------+-------+---------+---------+-------
        D:1 |      24 |       0 |   0.0 |      15 |       0 |   0.0
        D:2 |      16 |       0 |   0.0 |       8 |       0 |   0.0
        D:3 |      37 |       0 |   0.0 |      10 |       0 |   0.0
            +---------+---------+-------+---------+---------+-------
